 Dungeon Crawl Stone Soup version 0.18-a0-816-g97f838e (webtiles) character file.

238 M4edhros the Sneak (level 6, -10/38 HPs)
             Began as an Octopode Artificer on Dec 15, 2015.
             Mangled by an ogre
             ... wielding a +0 giant club
              (20 damage)
             ... on level 5 of the Dungeon.
             The game lasted 00:01:57 (1526 turns).

M4edhros the Sneak (Octopode Artificer)             Turns: 1526, Time: 00:01:58

Health: -10/38     AC:  1    Str: 10    XL:     6   Next: 7%
Magic:  9/9        EV: 10    Int: 16    God:
Gold:   123        SH:  7    Dex: 13    Spells: 0 memorised, 5 levels left

rFire  . . .     SeeInvis .     a - +0 short sword
rCold  . . .     Clarity  .     r - +0 shield
rNeg   . . .     SustAt   .     (helmet restricted)
rPois  .         Gourm    .     (no amulet)
rElec  .         Spirit   .     q - ring of invisibility
rCorr  .         Dismiss  .     p - ring of stealth
rMut   .         Stasis   .     (no ring)
MR     .....                    (no ring)
Stlth  +++++.....               (no ring)
                                (no ring)
                                (no ring)
                                (no ring)

@: not resistant to hostile enchantments, quite stealthy
A: almost no armour, amphibious, 8 rings, constrict 8, camouflage 1, gelatinous
body 1
a: Evoke Invisibility


You were on level 5 of the Dungeon.
You were hungry.

You visited 1 branch of the dungeon, and saw 5 of its levels.

You collected 123 gold pieces.

Inventory:

Hand Weapons
 a - a +0 short sword (weapon)
Missiles
 l - 42 sling bullets
Armour
 r - a +0 shield (worn)
Jewellery
 p - a ring of stealth (right tentacle)
 q - a ring of invisibility (left tentacle)
Wands
 b - a wand of flame (15)
 c - a wand of enslavement (14)
 d - a wand of random effects (13)
Scrolls
 e - a scroll of magic mapping {unknown}
 h - 5 scrolls of identify {unknown}
 j - a scroll of remove curse {unknown}
 m - 3 scrolls of amnesia {unknown}
 n - a scroll of immolation {unknown}
 o - a scroll of teleportation {unknown}
 s - a scroll of fear {unknown}
Potions
 g - a potion of lignification {unknown}
 i - a potion of resistance {unknown}
 k - 3 potions of curing {unknown}
Comestibles
 f - 2 bread rations
 t - a slice of pizza
 u - a meat ration


   Skills:
 - Level 1.0 Fighting
 - Level 1.0 Short Blades
 + Level 2.5 Dodging
 + Level 5.5 Stealth
 + Level 1.2 Shields
 + Level 5.2 Evocations


You had 5 spell levels left.
You didn't know any spells.

Dungeon Overview and Level Annotations

Branches:
Dungeon (5/15)
 Temple: D:4-7

Altars:
Fedhas


Innate Abilities, Weirdness & Mutations

You cannot wear most types of armour.
You are amphibious.
You can wear up to eight rings at the same time.
You can use your tentacles to constrict eight enemies at once.
Your skin changes colour to match your surroundings (Stealth).
Your rubbery body absorbs attacks (AC +1).


Message History

The jackal barks!
Your grab misses the jackal. The jackal bites you. The jackal bites you.
You hit the jackal but do no damage. Your grab misses the jackal.
You barely miss the jackal. Your grab misses the jackal. The jackal bites you.
An ogre comes into view. It is wielding a giant club.
You hit the jackal.
You kill the jackal!
You hit the jackal.
You kill the jackal!
The ogre hits you with a giant club!!
Ouch! That really hurt!
* * * LOW HITPOINT WARNING * * *
You are too injured to fight recklessly!
You hit the ogre but do no damage. The ogre closely misses you.
You are too injured to fight recklessly!
You hit the ogre. You squeeze the ogre, but do no damage.
The ogre is lightly wounded.
The ogre hits you with a giant club!!
Ouch! That really hurt!
You die...

#########
.<(.....########
#######........###
########.#.. #.#.#
#.#.# #.#O# #.#@#
#.#.# #...# ###.#
.... #.### ..# #.#
#.#


You could see an ogre.

Vanquished Creatures
  An ogre (D:4)
  2 orc wizards (D:4)
  An orc priest (D:4)
  A worker ant (D:4)
  A gnoll (D:4)
  2 adders (D:2)
  2 orcs (D:4)
  2 bats (D:2)
  2 goblins (D:2)
  2 hobgoblins
  2 kobolds (D:1)
  A ball python (D:1)
  A giant gecko skeleton (D:4)
  A giant newt (D:4)
  2 jackals (D:5)
  2 quokkas (D:4)
  A rat (D:2)
26 creatures vanquished.

Vanquished Creatures (collateral kills)
  2 gnolls (D:4)
2 creatures vanquished.

Vanquished Creatures (others)
  A gnoll (D:4)
1 creature vanquished.

Grand Total: 29 creatures vanquished

Notes
Turn   | Place    | Note
--------------------------------------------------------------
     0 | D:1      | M4edhros the Octopode Artificer began the quest for the Orb.
     0 | D:1      | Reached XP level 1. HP: 13/13 MP: 3/3
   189 | D:2      | Reached XP level 2. HP: 15/18 MP: 4/4
   336 | D:2      | Reached XP level 3. HP: 23/23 MP: 5/5
   338 | D:2      | Found a blossoming altar of Fedhas.
   515 | D:4      | Reached skill level 4 in Evocations
   701 | D:4      | Noticed an ogre
   709 | D:4      | Killed an ogre
   709 | D:4      | Reached XP level 4. HP: 24/28 MP: 7/7
   709 | D:4      | Reached XP level 5. HP: 28/33 MP: 8/8
   780 | D:4      | Reached skill level 5 in Stealth
   780 | D:4      | Reached skill level 5 in Evocations
   791 | D:4      | Reached skill level 1 in Shields
  1093 | D:4      | Reached XP level 6. HP: 26/38 MP: 9/9
  1494 | D:5      | Entered Level 5 of the Dungeon
  1526 | D:5      | Mangled by an ogre

Vault maps used:
D:1:      mainiacjoe_arrival_reflecting_pool, minmay_stone_trees_small,
          hangedman_decor_points
D:2:      fedhas_altar_3, gammafunk_temple_overflow_elements
D:3:      cheibriados_altar_1, first_bread, uniq_iyjb
D:5:      lemuel_round_altar

Action                   |  1- 3 |  4- 6 || total
-------------------------+-------+-------++-------
Melee: Short sword       |    33 |    27 ||    60
Evoke: Wand              |     2 |     1 ||     3
 Stab: Sleeping          |     7 |     2 ||     9
  Eat: Chunk             |       |     1 ||     1
